 Dungeon Crawl Stone Soup version 0.25.0-33-gff14898491 (webtiles) character file.

Game seed: 6925479484814172434

494 MisterFreud the Chiller (level 6, -13/47 HPs)
             Began as a Demonspawn Ice Elementalist on July 6, 2020.
             Mangled by Duvessa
             ... wielding a +2 short sword of electrocution
              (14 damage)
             ... on level 5 of the Dungeon.
             The game lasted 00:10:10 (4252 turns).

MisterFreud the Chiller (DsIE)                      Turns: 4252, Time: 00:10:13

Health: -13/47     AC:  8    Str:  8    XL:     6   Next: 92%
Magic:  10/10      EV: 12    Int: 18    God:
Gold:   149        SH:  0    Dex: 14    Spells: 7/11 levels left

rFire    . . .     SeeInvis .   i - +0 short sword
rCold    . . .     Gourm    .   (no shield)
rNeg     . . .     Faith    .   a - +0 robe
rPois    .         Spirit   .   e - +0 helmet
rElec    .         Reflect  .   n - +0 cloak
rCorr    .         Harm     .   (no gloves)
MR       +....                  (no boots)
Stlth    ++........             (no amulet)
HPRegen  0.15/turn              z - ring of protection from magic
MPRegen  0.12/turn              s - +4 ring of protection

@: no status effects
A: hooves 1, powered by death 2, rot immunity
a: no special abilities


You were on level 5 of the Dungeon.
You were not hungry.

You visited 1 branch of the dungeon, and saw 6 of its levels.

You collected 149 gold pieces.

Inventory:

Hand Weapons
 i - a +0 short sword (weapon)
Missiles
 l - 33 poisoned darts (quivered)
 w - 16 boomerangs
 y - 3 curare-tipped darts
Armour
 a - a +0 robe (worn)
 e - a +0 helmet (worn)
 m - a +0 kite shield
 n - a +0 cloak (worn)
 o - a +0 helmet
Jewellery
 r - an uncursed ring of positive energy
 s - a +4 ring of protection (right hand)
 z - a ring of protection from magic (left hand)
Wands
 F - a wand of random effects (18)
Scrolls
 f - a scroll of immolation {unknown}
 g - a scroll of magic mapping
 h - a scroll of fear {unknown}
 k - 2 scrolls of teleportation
 p - 3 scrolls of remove curse
 t - a scroll of fog {unknown}
 x - a scroll of noise {unknown}
 B - a scroll of blinking {unknown}
 D - a scroll of random uselessness {unknown}
Potions
 b - a potion of haste
 d - a potion of brilliance {unknown}
 j - a potion of might {unknown}
 u - 2 potions of resistance
 v - a potion of heal wounds {unknown}
 A - 2 potions of mutation {unknown}
 C - a potion of curing {unknown}
 E - a potion of berserk rage {unknown}
Comestibles
 c - 5 rations
 q - 3 chunks of flesh


   Skills:
 - Level 3.0 Fighting
 - Level 1.7 Dodging
 - Level 1.7 Stealth
 + Level 4.0 Unarmed Combat
 - Level 3.0 Spellcasting
 - Level 5.0 Ice Magic


You had 7 spell levels left.
You knew the following spells:

 Your Spells              Type           Power        Failure   Level  Hunger
a - Freeze                Ice            ###.         1%          1    None
b - Frozen Ramparts       Ice            ###...       6%          3    ###....

Your spell library contained the following spells:

 Spells                   Type           Power        Failure   Level  Hunger
 Ozocubu's Armour         Chrm/Ice       ##......     17%         3    ###....
 Hailstorm                Conj/Ice       ##......     50%         4    ####...
 Summon Ice Beast         Ice/Summ       ##......     50%         4    ####...


Dungeon Overview and Level Annotations

Branches:
Dungeon (6/15)             Temple (0/1) D:6

Altars:
Dithmenos
Yredelemnul
Zin

Annotations:
D:5 Dowan, Duvessa, Edmund, Grinder, Menkaure


Innate Abilities, Weirdness & Mutations

You have large cloven feet.
You regenerate health from kills.
You are immune to rotting.


Message History

HP restored.
You climb downwards.
Level annotation: Dowan, Duvessa, Edmund, Grinder, Menkaure The bullfrog zombie closely misses you.
The jackal bites you but does no damage.
Duvessa hits you with a +2 short sword of electrocution!
The jackal barks!
The bullfrog zombie hits you. The jackal barely misses you.
Duvessa hits you with a +2 short sword of electrocution.
You are electrocuted!!
* * * LOW HITPOINT WARNING * * *
You hear a bark!
You hear an angry hiss.
There is a stone staircase leading up, spattered with blood here.
The jackal bites you but does no damage.
The bullfrog zombie barely misses you. The jackal misses you.
The jackal bites you but does no damage.
Duvessa hits you with a +2 short sword of electrocution!
* * * LOW HITPOINT WARNING * * *
You are electrocuted!
You die...

**,***............,,,,,,,* *#....
**,**##[............#**,,*##,.##.
...............)....###.,,...####
......#.#..............$,,.......
............,...........,,.......
...........,,,5.......,,.,...$..#
,,........#,,,,.c...###..,......#
,,,,......######he......,,.......
**,**#...(....Zo@#......,,.......
,,,,,#.<........h[.###..#*##.....
*,,#.o..........(.......# *.####
...c.......####...####### **,*
...hh#.............## *,,*
..........#......>..# *,**
..........###.......# *,*
...,.#..............#* **,*
../.###.....>........#****,,*


You could see Grinder, Duvessa, a centaur, an orc, a bullfrog zombie and 2
jackals.

Vanquished Creatures
  An ogre (D:4)
  A bullfrog (D:3)
  A scorpion (D:4)
  A crimson imp (D:3)
  A jelly (D:5)
  An orc wizard (D:4)
  A worker ant (D:5)
  A gnoll (D:1)
  7 adders
  2 oozes (D:2)
  An adder skeleton (D:4)
  2 worms
  5 dart slugs
  2 leopard geckos (D:3)
  9 orcs
  7 bats
  A giant cockroach (D:3)
  8 goblins
  5 hobgoblins
  4 jackals
  2 ball pythons
  A frilled lizard (D:2)
  11 kobolds
  10 rats
85 creatures vanquished.

Notes
Turn   | Place    | Note
-------+----------+-------------------------------------------
     0 | D:1      | MisterFreud the Demonspawn Ice Elementalist began the quest
                  | for the Orb.
     0 | D:1      | Reached XP level 1. HP: 13/13 MP: 3/3
   165 | D:1      | Reached skill level 1 in Fighting
   319 | D:1      | Gained mutation: You regenerate a little health from kills.
                  | [demonic ancestry]
   319 | D:1      | Reached XP level 2. HP: 20/22 MP: 0/5
   633 | D:2      | Reached XP level 3. HP: 28/28 MP: 4/6
   638 | D:2      | Learned a level 3 spell: Frozen Ramparts
   690 | D:2      | Found a glowing silver altar of Zin.
  1096 | D:1      | Gained mutation: You are immune to rotting. [demonic
                  | ancestry]
  1096 | D:1      | Reached XP level 4. HP: 34/35 MP: 3/7
  1215 | D:1      | Reached skill level 4 in Ice Magic
  1833 | D:3      | Noticed a bullfrog
  1844 | D:3      | Killed a bullfrog
  1844 | D:3      | Gained mutation: You regenerate health from kills. [demonic
                  | ancestry]
  1844 | D:3      | Reached XP level 5. HP: 35/41 MP: 3/9
  2099 | D:3      | Reached skill level 5 in Ice Magic
  2197 | D:3      | Found a basalt altar of Yredelemnul.
  2255 | D:3      | Reached skill level 1 in Unarmed Combat
  2337 | D:3      | Found a shadowy altar of Dithmenos.
  3262 | D:5      | Entered Level 5 of the Dungeon
  3262 | D:5      | Noticed Grinder
  3262 | D:5      | Noticed an ogre
  3339 | D:6      | Found a staircase to the Ecumenical Temple.
  3340 | D:6      | Noticed a slave
  3340 | D:6      | Noticed a slave
  3340 | D:6      | Noticed a slave
  3368 | D:6      | Noticed Duvessa
  3369 | D:6      | Noticed Dowan
  3378 | D:5      | Noticed Edmund
  3378 | D:5      | Noticed a two-headed ogre
  3391 | D:5      | Gained mutation: You have large cloven feet. [demonic
                  | ancestry]
  3391 | D:5      | Reached XP level 6. HP: 16/47 MP: 6/10
  3525 | D:5      | Noticed Menkaure
  4252 | D:5      | HP: 1/47 [Duvessa/+2 short sword of electrocution (7)]
  4252 | D:5      | Mangled by Duvessa

Illustrated notes

Levels and vault maps discovered:
D:1:      beargit_arrival_greenhouse, layout_basic
D:2:      layout_basic, lemuel_crystal_altar, first_ration
D:3:      layout_rooms, lemuel_doored_altar, nicolae_dithmenos_shadow_blocks
D:4:      layout_basic
D:5:      layout_rooms, uniq_edmund, uniq_menkaure, uniq_grinder
D:6:      layout_rooms, grunt_temple_overflow_opulence,
          gammafunk_temple_overflow_wave, minmay_temple_entry_sparse_star,
          chequers_serial_rivers_large_b, uniq_pikel, uniq_duvessa,
          uniq_eustachio, uniq_blork_the_orc

Skill      XL: |  1  2  3  4  5  6 |
---------------+-------------------+-----
Fighting       | 1 2 3 |  3.0
Ice Magic      | 4 5 |  5.0
Spellcasting   | 3 |  3.0
Unarmed Combat | 2 4 |  4.0
Dodging        | |  1.7
Stealth        | |  1.7

Action                   |  1- 3 |  4- 6 || total
-------------------------+-------+-------++-------
Melee: Short sword       |    21 |    22 ||    43
       Unarmed           |     1 |       ||     1
 Cast: Freeze            |    31 |    33 ||    64
       Frozen Ramparts   |     5 |    15 ||    20
  Use: Scroll            |       |     6 ||     6
 Stab: Sleeping          |     1 |     1 ||     2
  Eat: Chunk             |     2 |     8 ||    10
       Ration            |       |     1 ||     1
Armor: Robe              |    11 |    28 ||    39
Dodge: Dodged            |    29 |    56 ||    85
